 Dungeon Crawl Stone Soup version 0.25-a0-577-ga4619f409e (webtiles) character file.

Game seed: 15180532954581339633, levelgen mode: deterministic

193134 Flugslaktarn the Severer (level 17, 0/163 HPs)
             Began as a Deep Dwarf Fighter on Mar 2, 2020.
             Was a High Priest of Makhleb.
             Slain by a vault warden
             ... wielding a +0 bardiche
              (29 damage)
             ... on level 3 of the Vaults.
             The game lasted 00:17:20 (17048 turns).

Flugslaktarn the Severer (Deep Dwarf Fighter)      Turns: 17048, Time: 00:17:21

Health: 0/163      AC: 34    Str: 33    XL:     17   Next: 27%
Magic:  12/12      EV:  8    Int:  8    God:    Makhleb [*****.]
Gold:   1333       SH: 17    Dex: 12    Spells: 16/16 levels left

rFire    + . .     SeeInvis .   a - +1 war axe
rCold    . . .     Gourm    .   S - +0 kite shield
rNeg     + . .     Faith    .   I - +3 plate armour {MR+}
rPois    +         Spirit   .   F - +2 helmet
rElec    +         Reflect  +   J - +2 cloak {rPois}
rCorr    .         Harm     .   O - +2 pair of gloves
MR       +++..                  E - +2 pair of boots
Stlth    ..........             V - +2 amulet of reflection
HPRegen  0.00/turn              B - ring of Zudo {rElec rPois rF+ Stlth+}
MPRegen  0.13/turn              u - +5 ring of strength

@: mighty, non-regenerating, hasted, very quick
A: damage resistance, heal wounds, hooves 1, blink, negative energy resistance
1, sense surroundings 2, no regeneration
}: 2/15 runes: decaying, gossamer
a: Heal Wounds, Blink, Minor Destruction, Lesser Servant of Makhleb, Major
Destruction, Greater Servant of Makhleb, Renounce Religion


You were on level 3 of the Vaults.
You worshipped Makhleb.
Makhleb was extremely pleased with you.
You were not hungry.

You visited 6 branches of the dungeon, and saw 31 of its levels.
You visited the Abyss 1 time.
You also visited: Bailey.

You collected 1564 gold pieces.
You spent 231 gold pieces at shops.

Inventory:

Hand Weapons
 a - a +1 war axe (weapon)
Missiles
 b - 6 throwing nets (quivered)
Armour
 E - a +2 pair of boots (worn)
   (You bought it in a shop on level 7 of the Dungeon)
 F - a +2 helmet (worn)
   (You found it on level 2 of the Dungeon)
 I - a +3 plate armour of magic resistance (worn)
   (You found it in a bailey)
 J - a +2 cloak of poison resistance (worn)
   (You found it in a bailey)
 O - a +2 pair of gloves (worn)
   (You found it on level 11 of the Dungeon)
 S - a +0 kite shield (worn)
Jewellery
 c - an uncursed ring of protection from cold
   (You found it on level 5 of the Dungeon)
 j - a +3 ring of slaying
   (You found it on level 12 of the Dungeon)
 r - a +4 ring of protection {unknown}
   (You found it on level 1 of the Vaults)
 u - a +5 ring of strength (right hand)
   (You found it on level 4 of the Dungeon)
 y - a +2 ring of evasion
   (You took it off an orc on level 9 of the Dungeon)
 z - a cursed ring of teleportation {unknown}
   (You found it on level 3 of the Vaults)
 B - the ring of Zudo (left hand) {rElec rPois rF+ Stlth+}
   (You found it on level 6 of the Dungeon)

   [ring of poison resistance]

   It protects you from fire.
   It insulates you from electricity.
   It protects you from poison.
   It makes you more stealthy.
 D - an uncursed ring of positive energy
   (You found it on level 9 of the Dungeon)
 V - a +2 amulet of reflection (around neck)
   (You found it on level 4 of the Lair of Beasts)
Wands
 k - a wand of enslavement (13)
   (You took it off Psyche on level 8 of the Dungeon)
 s - a wand of acid (23)
   (You found it on level 8 of the Dungeon)
 v - a wand of digging (9)
   (You took it off Urug on level 10 of the Dungeon)
 G - a wand of paralysis (11)
   (You found it on level 9 of the Dungeon)
 H - a wand of iceblast (9)
   (You found it on level 10 of the Dungeon)
Scrolls
 g - 6 scrolls of enchant weapon
 l - 4 scrolls of magic mapping
 m - a scroll of fear
 t - 15 scrolls of teleportation
 x - 10 scrolls of remove curse
 C - a scroll of vulnerability
 R - a scroll of silence
 U - a scroll of torment
Potions
 d - a potion of might
 f - 2 potions of magic
 h - 2 potions of haste
 i - 4 potions of mutation
 n - 3 potions of resistance
 p - 4 potions of brilliance
 q - 12 potions of curing
 w - a potion of heal wounds
 A - 3 potions of ambrosia
 K - a potion of flight
 L - a potion of invisibility {unknown}
 M - 4 potions of berserk rage
 N - a potion of lignification
 P - 3 potions of stabbing {unknown}
 Q - 2 potions of cancellation
Comestibles
 e - 41 rations
 o - 16 chunks of flesh


   Skills:
 + Level 13.1 Fighting
 - Level 18.0 Axes
 + Level 15.1 Armour
 - Level 15.0 Shields
 - Level 15.0 Invocations


You had 16 spell levels left.
You didn't know any spells.
Your spell library was empty.

Dungeon Overview and Level Annotations

Branches:
Dungeon (15/15)            Temple (1/1) D:7            Lair (4/6) D:9
  Swamp (4/4) Lair:2       Spider (4/4) Lair:4          Orc (0/2) D:11
 Vaults (3/5) D:14         Depths (0/5) D:15         Bailey (visited)
  Crypt: Vaults:2-3

Altars:
Ashenzari
Dithmenos
Elyvilon
Fedhas
Gozag
Hepliaklqana
Kikubaaqudgha
Makhleb
Qazlal
Ru
Xom
The Shining One

Shops:
D:7 %}[   D:10 *(   D:13 =   D:15 (

Annotations:
D:6 2 runed translucent doors, EnegeticOcto's ghost, novice DDFi
Lair:4 exclusion: oklob plant


Innate Abilities, Weirdness & Mutations

You are resistant to damage.
You can heal yourself by infusing magical energy.
You resist negative energy. (rN+)
You passively map the area around you.
You do not regenerate.
You have large cloven feet.
You can translocate small distances at will.


Message History

You hit the vault warden but do no damage.
You hit the vault guard. You hit the yaktaur. You block the yaktaur's attack.
You feel much better. You block the death knight's attack.
The vault guard hits you with a +2 vampiric bardiche!!
* * * LOW HITPOINT WARNING * * *
The vault guard hits you with a +3 halberd!
* * * LOW HITPOINT WARNING * * *
You block the ironbrand convoker's attack.
Something completely misses you. You block the yaktaur's attack.
You hit the vault guard.
The vault guard is moderately wounded.
You slice the yaktaur!! You hit the vault guard.
You closely miss the vault warden. You hit the ironbrand convoker.
You slice the ironbrand convoker!!
You kill the ironbrand convoker!
Makhleb accepts your kill.
You feel better.
You block the ironbrand convoker's attack.
The vault warden hits you with a +0 bardiche!!
You die...

#.......#.....# , , , ,
#.......#.....#......... ,
, #.......#.....#.........
, ,
#.......#.....#.........,
**
#######+#.....#......... ,
#.....'.'.....#.........
#.....#+#######......... *
#.....#..)....#ppc......,
#.....#).[....#p@pp..... ,
*,*
#.....#.......#))pc..... ,
, #.....#.......#))p......
**
#.....#.......#)((......
*,
##########'#####+##.....,,
, , ,, ,#...........#.....
, , , #...........# ....,
, #...........# .... * ,
#...........+ . ,,


You could see a vault warden, a death knight, 2 vault guards, 2 ironbrand
convokers, 2 yaktaurs and a wizard.

Vanquished Creatures
  the Lernaean hydra (Swamp:4)
  Arachne (Spider:2)
  Rupert (D:12)
  A tentacled starspawn (D:8)
  A thorn hunter (Swamp:4)
  Kirke (D:15)
  Aizul (Spider:2)
  5 vault wardens (Vaults:3)
  A frost giant (Vaults:3)
  2 emperor scorpions
  3 ironheart preservers
  A stone giant (Vaults:2)
  2 entropy weavers
  Nessos (D:14)
  2 dire elephants
  A spark wasp (Spider:4)
  An ettin (Vaults:1)
  A fire dragon (Vaults:1)
  Fannar (Lair:2)
  An ogre mage (Vaults:1)
  2 great orbs of eyes (Vaults:1)
  4 hydras
  2 vault guards (Vaults:3)
  2 centaur warriors
  Harold (D:8)
  2 ghost crabs
  A shambling mangrove (Swamp:4)
  A death knight (Vaults:3)
  5 two-headed ogres
  2 tengu warriors (D:13)
  9 alligators
  A catoblepas (D:11)
  Urug (D:10)
  A deep troll earth mage (Vaults:3)
  3 spriggans
  An unseen horror (Vaults:1)
  4 spriggan druids
  3 deep trolls (Vaults:3)
  6 swamp dragons
  A wizard (Vaults:1)
  5 ironbrand convokers
  A harpy (shapeshifter) (Vaults:1)
  2 orc knights
  15 wolf spiders
  2 phantasmal warriors (Vaults:3)
  5 orb spiders
  6 cyclopes
  11 ugly things
  3 manticores
  A salamander (D:15)
  12 elephants
  3 black mambas
  2 moths of wrath
  Joseph (D:10)
  6 vault sentinels
  Maggie (D:8)
  A gargoyle (D:14)
  4 spiny frogs
  Psyche (D:8)
  5 komodo dragons
  5 demonic crawlers
  4 yaktaurs
  2 efreet
  A kobold demonologist (D:11)
  3 meliai (Lair:4)
  A jumping spider (shapeshifter) (Vaults:1)
  18 jumping spiders
  A merfolk (D:10)
  A queen bee (Lair:4)
  3 trolls
  Grinder (D:3)
  2 meliai zombies
  10 hornets
  2 tyrant leeches
  6 slime creatures
  4 blink frogs (Swamp:4)
  9 bog bodies
  11 hippogriffs
  An alligator skeleton (Abyss:2)
  38 redbacks
  3 starcursed masses (Abyss:2)
  A ynoxinul (Abyss:2)
  7 hogs (D:15)
  5 wyverns
  A vampire (D:15)
  19 tarantellas
  3 wraiths
  A spriggan (shapeshifter) (Vaults:1)
  16 humans (D:14)
  3 basilisks
  33 yaks
  A hungry ghost (D:11)
  A steam dragon (D:11)
  2 vampire mosquitoes (Swamp:3)
  Menkaure (D:4)
  An acid dragon (D:11)
  12 swamp worms
  10 insubstantial wisps
  A porcupine (Lair:4)
  9 water moccasins
  10 swamp drakes
  2 sky beasts
  13 orc warriors
  2 black bears
  3 necrophages
  3 ice beasts
  9 ogres
  5 centaurs
  6 wolves (Lair:3)
  A boggart (Vaults:1)
  11 crocodiles
  A small abomination (Abyss:2)
  A big kobold (D:11)
  9 bullfrogs
  2 wyvern skeletons
  4 scorpions
  28 killer bees
  8 wights (D:10)
  3 electric eels
  2 howler monkeys (D:5)
  3 bullfrog zombies
  2 crimson imps
  A bullfrog skeleton (D:8)
  A human simulacrum (Vaults:1)
  12 orc priests
  5 centaur zombies
  An iron imp (D:8)
  4 jellies
  A hound (D:4)
  A gnoll shaman (D:10)
  3 centaur skeletons
  22 orc wizards
  An iguana (D:10)
  10 worker ants
  A hound skeleton (D:8)
  A howler monkey zombie (D:5)
  A worker ant zombie (D:11)
  2 howler monkey skeletons
  13 adders
  5 gnolls (D:10)
  4 shadow imps
  2 oozes
  An adder zombie (D:5)
  An adder skeleton (D:7)
  4 worms
  5 dart slugs
  2 leopard geckos
  87 orcs
  2 ball pythons
  5 giant cockroaches
  6 goblins
  5 hobgoblins
  19 jackals
  7 kobolds
  5 quokkas
  4 bats
  A frilled lizard (D:2)
  A leopard gecko skeleton (D:4)
  A quokka skeleton (D:7)
  3 rats
  5 fungi (Lair:4)
  3 plants
807 creatures vanquished.

Vanquished Creatures (collateral kills)
  2 ghost moths (Spider:4)
  2 emperor scorpions
  A spark wasp (Spider:4)
  11 hydras
  2 alligators (Swamp:4)
  A spriggan druid (Swamp:4)
  4 swamp dragons
  6 orb spiders (Spider:4)
  4 wolf spiders (Spider:4)
  4 elephants (Lair:4)
  A black mamba (Lair:4)
  A gargoyle (D:14)
  7 jumping spiders (Spider:4)
  A hornet (Spider:4)
  A bog body (Lair:2)
  A hippogriff (Lair:4)
  A spriggan (Lair:4)
  3 tarantellas (Spider:4)
  A redback (Spider:4)
  4 yaks
  A swamp worm (Swamp:4)
  A water moccasin (Lair:4)
  A porcupine (Lair:4)
  4 swamp drakes (Swamp:4)
  A bullfrog (Lair:4)
  A wyvern zombie (D:14)
  An electric eel (Spider:4)
  A fungus (Lair:4)
69 creatures vanquished.

Vanquished Creatures (others)
  A hydra (Swamp:3)
  An alligator (Swamp:3)
  2 unseen horrors (D:14)
  A deep elf archer (Vaults:1)
  A spiny frog (Swamp:3)
  A yaktaur (Vaults:3)
  A hornet (Swamp:4)
  A yak (D:14)
  A wyvern (D:11)
  A swamp drake (Swamp:4)
  3 killer bees (D:10)
  An adder (D:11)
  2 briar patches (Swamp:4)
  A bush (D:5)
  3 fungi
  A plant (Lair:4)
  4 starspawn tentacles
26 creatures vanquished.

Grand Total: 902 creatures vanquished

Notes
Turn   | Place    | Note
-------+----------+-------------------------------------------
     0 | D:1      | Flugslaktarn the Deep Dwarf Fighter began the quest for the
                  | Orb.
     0 | D:1      | Reached XP level 1. HP: 20/20 MP: 1/1
    38 | D:1      | Reached XP level 2. HP: 17/27 MP: 2/2
   224 | D:1      | Reached skill level 3 in Axes
   224 | D:1      | Reached XP level 3. HP: 32/33 MP: 3/3
   426 | D:2      | Found a shimmering altar of Xom.
   692 | D:3      | Found a faded altar of an unknown god.
   760 | D:3      | Reached XP level 4. HP: 37/42 MP: 4/4
   807 | D:3      | Noticed Grinder
   811 | D:3      | Paralysed by Grinder for 2 turns
   814 | D:3      | Killed Grinder
   814 | D:3      | Reached skill level 4 in Axes
   814 | D:3      | Reached XP level 5. HP: 25/49 MP: 5/5
   814 | D:3      | Reached XP level 6. HP: 28/56 MP: 6/6
  1070 | D:4      | Reached skill level 5 in Axes
  1239 | D:4      | Noticed Menkaure
  1247 | D:4      | Killed Menkaure
  1247 | D:4      | Reached XP level 7. HP: 35/64 MP: 6/6
  1260 | D:4      | Reached skill level 5 in Armour
  1260 | D:4      | Reached skill level 5 in Shields
  1459 | D:5      | Entered Level 5 of the Dungeon
  1482 | D:5      | Reached skill level 6 in Axes
  1625 | D:5      | Reached XP level 8. HP: 44/73 MP: 6/6
  1786 | D:5      | Reached skill level 7 in Axes
  2006 | D:5      | Reached skill level 5 in Fighting
  2268 | D:6      | Found a runed translucent door.
  2268 | D:6      | Noticed EnegeticOcto's ghost (novice DDFi)
  2351 | D:6      | Found a runed translucent door.
  2735 | D:6      | Got a shimmering iron ring
  2736 | D:6      | Identified the ring of Zudo {rElec rPois rF+ Stlth+} (You
                  | found it on level 6 of the Dungeon)
  2805 | D:6      | Reached skill level 8 in Axes
  3005 | D:7      | Found a blossoming altar of Fedhas.
  3041 | D:7      | Gained mutation: You passively map the area around you.
                  | [Deep Dwarf growth]
  3041 | D:7      | Reached XP level 9. HP: 55/81 MP: 6/6
  3084 | D:7      | Found a staircase to the Ecumenical Temple.
  3149 | Temple   | Entered the Ecumenical Temple
  3194 | Temple   | Became a worshipper of Makhleb the Destroyer
  3256 | D:7      | Found Udiont's Armour Shoppe.
  3262 | D:7      | Bought a +2 pair of boots for 231 gold pieces
  3375 | D:7      | Noticed a troll
  3384 | D:7      | Killed a troll
  3384 | D:7      | Reached skill level 1 in Invocations
  3399 | D:7      | Found Ymmeruts's Food Shop.
  3476 | D:7      | Gained mutation: You are occasionally teleported next to
                  | monsters. [potion of mutation]
  3476 | D:7      | Gained mutation: You are partially covered in molten
                  | scales. (AC +2) [potion of mutation]
  3477 | D:7      | Lost mutation: You are partially covered in molten scales.
                  | (AC +2) [potion of mutation]
  3477 | D:7      | Lost mutation: You are occasionally teleported next to
                  | monsters. [potion of mutation]
  3477 | D:7      | Gained mutation: You can translocate small distances at
                  | will. [potion of mutation]
  3477 | D:7      | Gained mutation: You have large cloven feet. [potion of
                  | mutation]
  3590 | D:7      | Found Myiczi's Gadget Emporium.
  3733 | D:8      | Noticed Psyche
  3742 | D:8      | Killed Psyche
  3742 | D:8      | Reached skill level 9 in Axes
  3846 | D:8      | Noticed Harold
  3849 | D:8      | Noticed Maggie
  3867 | D:8      | Killed Harold
  3870 | D:8      | Cast into level 2 of the Abyss (Maggie)
  3944 | Abyss:2  | Noticed an efreet
  3949 | Abyss:2  | Killed an efreet
  3949 | Abyss:2  | Reached skill level 10 in Axes
  3949 | Abyss:2  | Reached XP level 10. HP: 88/92 MP: 10/10
  3952 | Abyss:2  | Noticed a starcursed mass
  3974 | Abyss:2  | Killed a starcursed mass
  3988 | Abyss:2  | Killed a starcursed mass
  3993 | Abyss:2  | Killed a starcursed mass
  4006 | Abyss:2  | Noticed a tentacled starspawn
  4016 | Abyss:2  | Noticed a wretched star
  4021 | Abyss:2  | Noticed a smoke demon
  4030 | Abyss:2  | HP: 3/73 [tentacled starspawn (30)]
  4032 | D:8      | Escaped the Abyss
  4034 | D:8      | Killed a tentacled starspawn
  4034 | D:8      | Reached skill level 11 in Axes
  4034 | D:8      | Reached skill level 5 in Invocations
  4039 | D:8      | Killed Maggie
  4163 | D:8      | Reached * piety under Makhleb
  4481 | D:9      | Reached XP level 11. HP: 56/100 MP: 11/11
  4575 | D:9      | Found a sacrificial altar of Ru.
  4714 | D:9      | Found a staircase to the Lair.
  4731 | D:9      | Reached ** piety under Makhleb
  4968 | Lair:1   | Entered Level 1 of the Lair of Beasts
  5130 | D:10     | Entered Level 10 of the Dungeon
  5156 | D:10     | Found a flagged portal.
  5219 | Bailey   | Entered a bailey
  5654 | D:10     | Reached skill level 12 in Axes
  5678 | D:10     | Reached *** piety under Makhleb
  5699 | D:10     | Noticed Urug
  5739 | D:10     | Killed Urug
  6088 | D:10     | Found Hubb's Demolitions Depot.
  6092 | D:10     | Noticed Joseph
  6121 | D:10     | Killed Joseph
  6449 | D:10     | Found Gustipteg's Antique Weapon Shop.
  6450 | D:10     | Noticed a two-headed ogre
  6455 | D:10     | Killed a two-headed ogre
  6679 | D:11     | Noticed a catoblepas
  6689 | D:11     | Killed a catoblepas
  6689 | D:11     | Reached XP level 12. HP: 111/111 MP: 13/13
  6752 | D:11     | Reached **** piety under Makhleb
  6868 | D:11     | Found a staircase to the Orcish Mines.
  6951 | D:11     | Reached skill level 13 in Axes
  7461 | D:11     | Reached ***** piety under Makhleb
  7536 | D:11     | Reached skill level 10 in Armour
  7556 | D:11     | Reached skill level 10 in Shields
  8170 | D:12     | Noticed Rupert
  8199 | D:12     | Killed Rupert
  8409 | D:13     | Found Qacij's Jewellery Emporium.
  8479 | D:13     | Noticed a tengu warrior
  8480 | D:13     | Noticed a tengu warrior
  8509 | D:13     | Killed a tengu warrior
  8512 | D:13     | Killed a tengu warrior
  8673 | D:13     | Reached skill level 14 in Axes
  8687 | D:13     | Reached skill level 10 in Invocations
  9087 | D:13     | Reached XP level 13. HP: 100/121 MP: 15/15
  9231 | D:14     | Found a gate to the Vaults.
  9231 | D:14     | Noticed Nessos
  9328 | D:14     | Killed Nessos
 10031 | D:14     | Reached skill level 15 in Axes
 10040 | D:15     | Entered Level 15 of the Dungeon
 10082 | D:15     | Noticed Kirke
 10089 | D:15     | Noticed a dire elephant
 10109 | D:15     | Killed Kirke
 10123 | D:15     | Killed a dire elephant
 10300 | D:15     | Found Opiobb's Antique Weapon Shop.
 10584 | D:15     | Found a staircase to the Depths.
 10968 | Lair:1   | Got a jewelled chain mail
 10979 | Lair:1   | Identified the +5 chain mail of Begen {*Slow +Fly Str+6
                  | SInv} (You found it on level 1 of the Lair of Beasts)
 11173 | Lair:2   | Noticed Fannar
 11193 | Lair:2   | Killed Fannar
 11193 | Lair:2   | Reached skill level 10 in Fighting
 11219 | Lair:2   | Gained mutation: You resist negative energy. (rN+) [Deep
                  | Dwarf growth]
 11219 | Lair:2   | Reached XP level 14. HP: 83/132 MP: 16/16
 11647 | Lair:2   | Found a staircase to the Swamp.
 12805 | Lair:4   | Found a hole to the Spider Nest.
 13229 | Lair:4   | Reached skill level 16 in Axes
 13717 | Spider:1 | Entered Level 1 of the Spider Nest
 13717 | Spider:1 | Noticed an emperor scorpion
 13738 | Spider:1 | Killed an emperor scorpion
 14023 | Spider:2 | Noticed Arachne
 14055 | Spider:2 | Killed Arachne
 14055 | Spider:2 | Reached XP level 15. HP: 81/140 MP: 16/16
 14143 | Spider:2 | Reached ****** piety under Makhleb
 14150 | Spider:2 | Noticed Aizul
 14181 | Spider:2 | Killed Aizul
 14268 | Spider:3 | Reached skill level 17 in Axes
 14302 | Spider:4 | Entered Level 4 of the Spider Nest
 14559 | Spider:4 | Killed a ghost moth
 14641 | Spider:4 | Killed a ghost moth
 14661 | Spider:4 | Got a gossamer rune of Zot
 14878 | Swamp:1  | Entered Level 1 of the Swamp
 15163 | Swamp:3  | Reached XP level 16. HP: 123/151 MP: 18/18
 15241 | Swamp:4  | Entered Level 4 of the Swamp
 15333 | Swamp:4  | Reached skill level 18 in Axes
 15375 | Swamp:4  | Noticed a thorn hunter
 15400 | Swamp:4  | Killed a thorn hunter
 15467 | Swamp:4  | Noticed the 27-headed Lernaean hydra
 15485 | Swamp:4  | Killed the 27-headed Lernaean hydra
 15657 | Swamp:4  | Got a decaying rune of Zot
 15980 | Vaults:1 | Entered Level 1 of the Vaults
 16122 | Vaults:1 | Reached skill level 15 in Invocations
 16927 | Vaults:3 | Reached XP level 17. HP: 116/162 MP: 15/15
 17032 | Vaults:3 | Reached skill level 15 in Shields
 17033 | Vaults:3 | Reached skill level 15 in Armour
 17048 | Vaults:3 | Slain by a vault warden

Levels and vault maps discovered:
D:1:      dpeg_arrival_chase, layout_rooms
D:2:      layout_loops_corners, nicolae_overflow_hidden_temple, tgw_xom,
          uniq_jessica, uniq_natasha, uniq_robin
D:3:      cheibrodos_helix_gallery, layout_basic, first_ration,
          chequers_ecumenical_altar_grove, uniq_grinder, uniq_ijyb
D:4:      layout_cave_pools, serial_bayou_crossing, uniq_menkaure
D:5:      layout_loops_ring, kb_lookout_dungeons_type
D:6:      layout_cave_pods, ebering_ghost_sewer_f
D:7:      layout_basic, temple_hall, serial_shops, shop, shop, shop,
          fedhas_bush_and_centaur_altar
D:8:      layout_cave_pools, uniq_maggie, uniq_psyche, uniq_harold
D:9:      layout_rooms, nicolae_ru_sacrificial_ziggurat, david_lair_generic
D:10:     layout_long_grid, serial_shops, kennysheep_little_box, enter_bailey_8,
          hangedman_stone_soup, nicolae_blasting_shop, uniq_urug, uniq_joseph
D:11:     layout_gridville, erik_orc_1, lemuel_nasty_fountain
D:12:     layout_irregular_city, uniq_rupert
D:13:     layout_stronghold, serial_shops, shop
D:14:     layout_small_grid, david_vaults_3, wad_floor_pattern_2
D:15:     hangedman_depths_entry_try_elsewhere_first, layout_long_grid,
          serial_shops, nicolae_shop_overgrown_old_shop, uniq_kirke
Temple:   kb_temple_of_zot
Lair:1:   layout_cave_pods
Lair:2:   layout_small_grid, nicolae_swamp_entry_splash_gauntlet, uniq_fannar
Lair:3:   layout_cave_shapes, beast_lair_carwin_2
Lair:4:   mu_elephants_graveyard, layout_gridlike, spider_nest_entry_web_field,
          special_room [special_room_bee], uniq_nessos
Swamp:1:  layout_falls_marsh, evilmike_swamp_ruin_house_1, swamp_pool5
Swamp:2:  layout_falls_marsh, hangedman_swamp_ruin_wall
Swamp:3:  layout_falls_marsh, evilmike_swamp_ruin_house_5
Swamp:4:  swamp_basic_johnstein, layout_basic_swamp
Spider:1: layout_spider_delve, uniq_jorgrun
Spider:2: layout_spider_delve, uniq_aizul, uniq_arachne
Spider:3: layout_spider_delve
Spider:4: spider_rune_water, drop_trap
Vaults:1: vaults_room_grunt_arrival_ludios, hangedman_vaults_restitches,
          ontoclasm_vaults_fault, ontoclasm_vaults_eye,
          nicolae_vaults_shelves_hall, vaults_dpeg_hooks,
          vaults_standard_mumra_x, v_alt_pattern_3, vaults_room_fours,
          v_alt_pattern_4, grunt_vaults_hallway_long, dpeg_vaults_monster_box,
          layout_vaults_omnicross
Vaults:2: v_misc_16, hangedman_vaults_nodes, vaults_room_grid,
          ontoclasm_vaults_ligature, nicolae_vaults_little_squares_3,
          nicolae_vaults_mini_display_case, v_misc_22,
          ontoclasm_vaults_decontamination, nicolae_vaults_little_squares_4,
          layout_vaults_chaotic_city
Vaults:3: vaults_room_corners, v_rooms_4, v_rooms_2, ontoclasm_vaults_spin,
          nicolae_vaults_border_crossing, v_misc_14,
          minmay_crypt_entry_necro_gods, v_alt_pattern_4, v_misc_33,
          grunt_vaults_focal, vaults_dpeg_encased_lava, v_misc_24,
          layout_vaults_omnigrid, uniq_margery

Skill      XL: |  1  2  3  4  5  6  7  8  9 10 11 12 13 14 15 16 17 |
---------------+----------------------------------------------------+-----
Axes           | 3 4 5 6 8 10 11 12 14 15 16 17 18 | 18.0
Fighting       | 3 4 5 6 7 8 9 10 11 12 13 | 13.1
Armour         | 4 5 6 7 8 9 10 11 12 13 14 15 | 15.1
Shields        | 4 5 6 7 8 9 10 11 12 13 14 15 | 15.0
Invocations    | 4 6 8 10 11 12 13 15 | 15.0

Action                   |  1- 3 |  4- 6 |  7- 9 | 10-12 | 13-15 | 16-18 || total
-------------------------+-------+-------+-------+-------+-------+-------++-------
Melee: War axe           |   106 |   107 |   319 |   889 |  1242 |   563 ||  3226
Invok: Lesser Servant of |       |       |       |     1 |    27 |     5 ||    33
       Greater Servant o |       |       |       |       |     5 |     9 ||    14
 Abil: Heal Wounds       |     1 |     4 |    12 |    16 |    27 |    27 ||    87
Evoke: Wand              |       |       |       |       |     4 |     6 ||    10
  Use: Scroll            |       |       |    16 |     3 |    10 |     6 ||    35
       Potion            |       |       |     4 |     1 |     2 |     7 ||    14
 Stab: Distracted        |       |       |       |       |     4 |     4 ||     8
       Confused          |       |       |       |       |       |     1 ||     1
  Eat: Chunk             |       |     2 |     9 |    19 |    11 |     3 ||    44
       Ration            |       |       |       |       |     3 |     1 ||     4
Armor: Scale mail        |    43 |       |       |       |       |       ||    43
       Chain mail        |    23 |    67 |   147 |    50 |     3 |       ||   290
       Skin              |       |       |     9 |       |       |       ||     9
       Plate armour      |       |       |       |   445 |  1256 |   586 ||  2287
Dodge: Dodged            |    39 |    22 |    76 |   245 |   510 |   227 ||  1119
Block: Kite shield       |    81 |    61 |   206 |   584 |  1319 |   618 ||  2869
       Reflection        |       |       |       |       |     6 |    28 ||    34

Table legend:
 A = Non-vault XP
 B = Vault XP
 C = Vault XP percentage of total XP
 D = Non-vault monster count
 E = Vault monster count
 F = Vault count percentage of total count
                 A         B        C        D         E       F
            +---------+---------+-------+---------+---------+-------
      Total |  141842 |   94065 |  39.9 |     648 |     227 |  25.9
            +---------+---------+-------+---------+---------+-------
        D:1 |      45 |       0 |   0.0 |      20 |       0 |   0.0
        D:2 |      34 |       9 |  20.9 |      11 |       4 |  26.7
        D:3 |      50 |     272 |  84.5 |      12 |       1 |   7.7
        D:4 |     353 |     171 |  32.6 |      26 |       2 |   7.1
        D:5 |     912 |     112 |  10.9 |      32 |       1 |   3.0
        D:6 |     444 |       0 |   0.0 |       7 |       0 |   0.0
        D:7 |     850 |     118 |  12.2 |      15 |       1 |   6.2
        D:8 |    2688 |    1788 |  39.9 |      22 |       3 |  12.0
        D:9 |    2231 |     771 |  25.7 |      28 |       4 |  12.5
       D:10 |    5860 |    1314 |  18.3 |      61 |       6 |   9.0
       D:11 |    4812 |     574 |  10.7 |      37 |      17 |  31.5
       D:12 |    2989 |    2954 |  49.7 |      27 |       1 |   3.6
       D:13 |    6053 |       0 |   0.0 |      27 |       0 |   0.0
       D:14 |    9602 |    6769 |  41.3 |      32 |      20 |  38.5
       D:15 |    1297 |    6376 |  83.1 |       5 |      12 |  70.6
     Lair:1 |     747 |       0 |   0.0 |       3 |       0 |   0.0
     Lair:2 |    4865 |    1712 |  26.0 |      13 |       5 |  27.8
     Lair:3 |    2961 |     715 |  19.5 |      20 |       4 |  16.7
     Lair:4 |    5750 |    8417 |  59.4 |      26 |      30 |  53.6
    Swamp:1 |    2658 |       0 |   0.0 |       9 |       0 |   0.0
    Swamp:2 |    1048 |       0 |   0.0 |       2 |       0 |   0.0
    Swamp:3 |   12332 |       0 |   0.0 |      26 |       0 |   0.0
    Swamp:4 |   16358 |   14451 |  46.9 |      47 |      27 |  36.5
   Spider:1 |    5614 |       0 |   0.0 |      17 |       0 |   0.0
   Spider:2 |   18153 |    5324 |  22.7 |      48 |       2 |   4.0
   Spider:3 |    1834 |       0 |   0.0 |       5 |       0 |   0.0
   Spider:4 |   10949 |   12455 |  53.2 |      39 |      29 |  42.6
   Vaults:1 |    3120 |   17941 |  85.2 |       5 |      33 |  86.8
   Vaults:2 |    1863 |       0 |   0.0 |       2 |       0 |   0.0
   Vaults:3 |   13430 |   11531 |  46.2 |      17 |      11 |  39.3
    Abyss:2 |    1940 |       0 |   0.0 |       7 |       0 |   0.0
     Bailey |       0 |     291 | 100.0 |       0 |      14 | 100.0
            +---------+---------+-------+---------+---------+-------
